 Dungeon Crawl Stone Soup version 0.22.1-2-g9c5b331383 (webtiles) character file.

360266 Sety the Hoplite (level 22, -41/144 HPs)
             Began as a Gargoyle Fighter on Nov 14, 2018.
             Was the Champion of Hepliaklqana.
             Killed from afar by an ancient lich (75 damage)
             ... with an iron shot
             ... on level 4 of the Vaults on Nov 15, 2018.
             The game lasted 07:11:03 (43558 turns).

Sety the Hoplite (Gargoyle Fighter)                Turns: 43558, Time: 07:11:04

Health: -41/144    AC: 45    Str: 23    XL:     22   Next: 42%
Magic:  25/26      EV: 20    Int: 14    God:    Hepliaklqana [******]
Gold:   2166       SH:  0    Dex: 18    Spells: 23/25 levels left

rFire    . . .     SeeInvis .   r - +12 falchion "Cisisitu" {drain, *Contam rElec rN+}
rCold    . . .     Gourm    .   c - +5 shield
rNeg     + + +     Faith    .   a - +9 plate armour of Suloigev {Int+2}
rPois    ∞         Spirit   .   X - +0 helmet of the Evil One {rN+}
rElec    +         Reflect  +   A - +0 cloak
rCorr    .         Harm     .   H - +0 pair of gloves
MR       +....                  I - +1 pair of boots
Stlth    ..........             V - +3 amulet of reflection
HPRegen  0.34/turn              m - ring of Phasing {EV+8}
MPRegen  0.20/turn              C - +5 ring of dexterity

@: confused, flying, slowed, studying Invocations, very slow
A: reduced essence, big wings, deformed body, negative energy resistance 1,
sense surroundings 2, robust 1, electricity resistance, unbreathing,
petrification resistance, rot immunity, MP-powered wands, AC +16
}: 2/15 runes: decaying, serpentine
a: Stop Flying, Recall Ancestor, Ancestor Identity, Transference, Idealise,
Renounce Religion


You were on level 4 of the Vaults.
You worshipped Hepliaklqana.
Hepliaklqana was exalted by your worship.
You were not hungry.

You visited 7 branches of the dungeon, and saw 37 of its levels.
You also visited: Labyrinth and Ice Cave.

You collected 4706 gold pieces.
You spent 2540 gold pieces at shops.

Inventory:

Hand Weapons
 r - the +12 falchion "Cisisitu" (weapon) {drain, *Contam rElec rN+}
   (You found it on level 4 of the Dungeon)

   A truly terrible weapon, it drains the life of those it strikes.
   It insulates you from electricity.
   It protects you from negative energy.
   It causes magical contamination when unequipped.
 M - a +9 dagger of speed
 T - a +7 blowgun
Missiles
 n - 2 needles of confusion
 G - 85 poisoned needles
 J - 9 curare-tipped needles
 R - 16 needles of sleeping
Armour
 a - the +9 plate armour of Suloigev (worn) {Int+2}
   (You found it on level 13 of the Dungeon)

   It affects your intelligence (+2).
 c - a +5 shield (worn)
 A - a +0 cloak (worn)
 H - a +0 pair of gloves (worn)
 I - a +1 pair of boots (worn)
 X - the +0 helmet of the Evil One (worn) {rN+}
   (You found it on level 3 of the Swamp)

   It protects you from negative energy.
Jewellery
 l - a +2 ring of intelligence
 m - the ring of Phasing (left hand) {EV+8}
   (You found it in a labyrinth)

   [ring of evasion]

   It affects your evasion (+8).
 q - an uncursed amulet of the gourmand
 C - a +5 ring of dexterity (right hand)
 S - an uncursed ring of protection from magic
 V - a +3 amulet of reflection (around neck)
 Z - an uncursed amulet of guardian spirit
Wands
 g - a wand of digging (34)
 i - a wand of acid (11)
 s - a wand of paralysis (71)
 v - a wand of clouds (2)
 x - a wand of iceblast (8)
 y - a wand of random effects (29)
 D - a wand of flame (49)
 N - a wand of disintegration (47)
 Y - a wand of polymorph (17)
Scrolls
 b - 6 scrolls of identify
 j - 16 scrolls of remove curse
 t - 2 scrolls of blinking
 E - a scroll of brand weapon
 K - 4 scrolls of immolation
 L - 8 scrolls of fear
 O - 12 scrolls of teleportation
 W - 6 scrolls of fog
Potions
 d - 3 potions of might
 e - 16 potions of curing
 k - a potion of berserk rage
 o - 5 potions of resistance
 p - 5 potions of haste
 u - 3 potions of cancellation
 w - 2 potions of lignification
 z - 4 potions of heal wounds
 B - a potion of invisibility
 P - 4 potions of agility
 Q - a potion of magic
Books
 F - a manual of Invocations
Miscellaneous
 U - a lightning rod (3/4)
Comestibles
 f - 61 rations
 h - 5 chunks of flesh


   Skills:
 + Level 16.7 Fighting
 + Level 17.4 Long Blades
 + Level 14.8 Armour
 + Level 7.1 Dodging
 + Level 9.6 Stealth
 + Level 24.0 Shields
 + Level 1.2 Unarmed Combat
 + Level 2.4 Spellcasting
 + Level 2.5 Summonings
 + Level 5.7 Invocations
 + Level 6.5 Evocations


You had 23 spell levels left.
You knew the following spells:

 Your Spells              Type           Power        Failure   Level  Hunger
a - Summon Small Mammal   Summ           #...         56%         1    #......
b - Beastly Appendage     Tmut           #.....       89%         1    #......

Your spell library contained the following spells:

 Spells                   Type           Power        Failure   Level  Hunger
 Summon Butterflies       Summ           #.......     56%         1    #......
 Call Imp                 Summ           #.......     71%         2    ###....
 Corona                   Hex            #......      89%         1    #......
 Call Canine Familiar     Summ           #.......     91%         3    ###....
 Blink                    Tloc           N/A          96%         2    ###....
 Ensorcelled Hibernation  Hex/Ice        #.....       96%         2    ###....
 Sticks to Snakes         Tmut           #.......     96%         2    ###....
 Summon Guardian Golem    Hex/Summ       #.......     98%         3    ###....
 Dazzling Spray           Conj/Hex       #.....       99%         3    ###....
 Gell's Gravitas          Tloc           #.........   99%         3    ###....
 Ignite Poison            Fire/Tmut/Pois #.......     99%         3    ###....
 Spider Form              Tmut/Pois      #.........   99%         3    ###....
 Tukima's Dance           Hex            #.......     99%         3    ###....
 Cause Fear               Hex            #.........   100%        4    #####..
 Ice Form                 Ice/Tmut       #.......     100%        4    #####..
 Leda's Liquefaction      Hex/Erth       #.........   100%        4    #####..
 Petrify                  Tmut/Erth      #.......     100%        4    #####..
 Summon Ice Beast         Ice/Summ       #.......     100%        4    #####..
 Summon Lightning Spire   Summ/Air       #.......     100%        4    #####..
 Alistair's Intoxication  Tmut/Pois      #.......     100%        5    ######.
 Blade Hands              Tmut           #.........   100%        5    ######.
 Bolt of Magma            Conj/Fire/Erth #.........   100%        5    ######.
 Borgnjor's Vile Clutch   Necr/Erth      #.........   100%        5    ######.
 Dispel Undead            Necr           #.......     100%        5    ######.
 Excruciating Wounds      Chrm/Necr      #.........   100%        5    ######.
 Irradiate                Conj/Tmut      #.........   100%        5    ######.
 Iskenderun's Battlesphe  Conj/Chrm      #.......     100%        5    ######.
 Metabolic Englaciation   Hex/Ice        #.........   100%        5    ######.
 Silence                  Hex/Air        #.........   100%        5    ######.
 Summon Mana Viper        Hex/Summ       #.......     100%        5    ######.
 Venom Bolt               Conj/Pois      #.........   100%        5    ######.
 Yara's Violent Unravell  Hex/Tmut       #.........   100%        5    ######.
 Bolt of Cold             Conj/Ice       #.........   100%        6    #######
 Deflect Missiles         Chrm/Air       #.........   100%        6    #######
 Freezing Cloud           Conj/Ice/Air   #.........   100%        6    #######
 Hydra Form               Tmut           #.........   100%        6    #######
 Iron Shot                Conj/Erth      #.........   100%        6    #######
 Ozocubu's Refrigeration  Ice            #.........   100%        6    #######
 Simulacrum               Ice/Necr       #.........   100%        6    #######
 Dragon Form              Tmut           #.........   100%        7    #######
 Haunt                    Necr/Summ      #.........   100%        7    #######
 Orb of Destruction       Conj           #.........   100%        7    #######
 Spellforged Servitor     Conj/Summ      #.........   100%        7    #######
 Summon Hydra             Summ           #.........   100%        7    #######
 Borgnjor's Revivificati  Necr           #.........   100%        8    #######
 Death's Door             Chrm/Necr      #.........   100%        8    #######
 Discord                  Hex            #.........   100%        8    #######
 Infestation              Necr           #.........   100%        8    #######
 Necromutation            Tmut/Necr      #.........   100%        8    #######
 Shatter                  Erth           #.........   100%        9    #######
 Sublimation of Blood     Necr           Unusable     N/A         2    N/A
 Statue Form              Tmut/Erth      Unusable     N/A         6    N/A

Dungeon Overview and Level Annotations

Branches:
Dungeon (15/15)            Temple (1/1) D:4            Lair (6/6) D:11
  Swamp (4/4) Lair:4        Snake (4/4) Lair:4        Slime (0/5) Lair:6
    Orc (2/2) D:9             Elf (0/3) Orc:2        Vaults (5/5) D:13
  Crypt (0/3) Vaults:2     Depths (0/5) D:15

Altars:
Ashenzari
Cheibriados
Dithmenos
Elyvilon
Fedhas
Gozag
Hepliaklqana
Kikubaaqudgha
Makhleb
Nemelex Xobeh
Okawaru
Qazlal
Ru
Sif Muna
Trog
Uskayaw
Vehumet
Wu Jian
Xom
Yredelemnul
Zin
The Shining One
Beogh
Jiyva

Shops:
D:6 *   D:9 *   D:13 }   Orc:2 *(?:   Vaults:2 [**:   Vaults:4 (

Portals:
Pandemonium: Orc:2


Innate Abilities, Weirdness & Mutations

You are resistant to torment.
Your stone body is resilient. (AC +16)
You are immune to poison.
Your large and strong wings let you fly indefinitely.
You resist negative energy. (rN+)
You are resistant to electric shocks. (rElec)
You can survive without breathing.
You are immune to petrification.
You are immune to rotting.
Your life essence is reduced to manifest your ancestor. (-10% HP)
Armour fits poorly on your strangely shaped body.
You passively map the area around you.
You are robust. (+10% HP)
You expend magic power (3 MP) to strengthen your wands.


Message History

The tengu reaver completely misses you.
Merenptah barely misses the storm dragon.
The storm dragon bites you!
* * * LOW HITPOINT WARNING * * *
The storm dragon claws you but does no damage.
The storm dragon misses you.
The ancient lich touches you but does no damage.
You're too confused!
You feel much better.
The tengu reaver gestures wildly while chanting.
The tengu reaver conjures a globe of magical energy!
Merenptah barely misses the storm dragon.
The storm dragon bites you!
* * * LOW HITPOINT WARNING * * *
The storm dragon completely misses you.
The storm dragon tramples you but does no damage.
The ancient lich gestures at you while chanting.
The iron shot hits you!
Ouch! That really hurt!
You die...

.........# .........# .........#
.........# ######### ####
.........# #.[.....# ####...
.........# #.......# #..'.##
########'### #.......# #..#.##
#####...# #..(.[..# ###+#...
#...#...# #.@Q(...# #....###
#.#.#...# #.LD[...# #.##.'..
#.#.#..## #.[R*...# #.##.#..
#......# #.......# #....###
#......###########'######''###
#...#####.....................
####.......'......[..............
...#####...#......)).............
...##......'....[)(.(............


You could see the friendly Merenptah the battlemage, an ancient lich, a storm
dragon, a tengu reaver and a battlesphere.

Vanquished Creatures
  Nikola (Vaults:2)
  2 liches
  A tentacled monstrosity (Vaults:4)
  Kirke (Lair:5)
  The ghost of Flure the Ninja, an adept SpAs of Dithmenos (Swamp:4)
  Gastronok (Lair:2)
  A thorn hunter (Swamp:1)
  2 azure jellies (Lair:6)
  A storm dragon (Vaults:4)
  A shadow dragon (Vaults:4)
  3 nagarajas (Snake:4)
  A tengu reaver (Vaults:4)
  A fire giant (D:15)
  An orc warlord (Orc:1)
  4 frost giants
  9 vault wardens
  Louise (Snake:3)
  11 ironheart preservers
  2 stone giants (Vaults:4)
  A minotaur (Lab)
  A deep elf demonologist (Vaults:5)
  A fire dragon (Swamp:4)
  3 ettins
  6 yaktaur captains
  Erolcha (D:9)
  5 naga warriors
  2 ice dragons
  2 rakshasas (D:12)
  4 great orbs of eyes
  17 vault guards
  7 hydras
  7 centaur warriors
  3 anacondas
  11 ogre magi
  22 two-headed ogres
  A tengu warrior (D:13)
  4 shock serpents
  5 death yaks
  10 alligators
  2 orc high priests (Orc:2)
  4 naga sharpshooters
  5 deep elf knights
  3 spriggans
  A storm dragon skeleton (Vaults:1)
  9 deep trolls
  11 skeletal warriors
  5 swamp dragons (Swamp:4)
  A fire crab (Swamp:4)
  An infernal demonspawn (Orc:2)
  An unseen horror (D:14)
  A deep elf archer (Vaults:4)
  5 naga ritualists
  A glowing orange brain (Vaults:1)
  A flayed ghost (Vaults:4)
  14 ironbrand convokers
  A spriggan druid (Swamp:3)
  3 wizards
  3 mana vipers (Snake:2)
  12 orc knights
  33 ugly things
  8 deep elf magi
  A necromancer (Vaults:1)
  A manticore (Lair:6)
  An oklob plant (Lair:4)
  6 salamanders
  3 wolf spiders
  5 orc sorcerers
  A centaur zombie (D:13)
  4 cyclopes
  A shining eye (shapeshifter) (Vaults:4)
  20 black mambas
  2 guardian serpents
  An ice statue (IceCv)
  A smoke demon (Orc:2)
  7 vault sentinels
  A torpor snail (Lair:6)
  12 naga magi
  Joseph (D:8)
  3 gargoyles
  8 spiny frogs
  2 rime drakes
  6 kobold demonologists
  A minotaur zombie (Lab)
  A redback zombie (D:15)
  17 yaktaurs
  3 ice devils
  7 komodo dragons
  A tengu conjurer (D:13)
  5 trolls
  10 tyrant leeches
  A meliai (D:12)
  25 polar bears
  5 hornets
  8 blink frogs
  13 slime creatures
  2 meliai (shapeshifter)
  9 hippogriffs
  A wind drake (shapeshifter) (Vaults:2)
  2 raiju (Lair:6)
  A bog body (Swamp:1)
  5 shadows
  A centaur simulacrum (D:14)
  3 wyverns
  A vampire (D:15)
  2 hogs (Lair:5)
  41 yaks
  4 basilisks
  A wraith (Vaults:1)
  A chaos spawn (Orc:2)
  11 vampire mosquitoes
  36 nagas
  A steam dragon (Lair:6)
  6 insubstantial wisps
  A soldier ant (D:10)
  4 wargs
  4 acid dragons
  15 swamp worms
  A floating eye (shapeshifter) (Vaults:4)
  8 hell hounds (Lair:6)
  17 water moccasins
  7 porcupines
  10 swamp drakes
  34 orc warriors
  4 ice beasts
  20 black bears
  9 sky beasts
  4 phantoms
  A centaur (shapeshifter) (Vaults:4)
  A boggart (Vaults:2)
  An ogre (shapeshifter) (Vaults:4)
  14 centaurs
  35 ogres
  26 wolves
  14 crocodiles
  4 big kobolds
  12 bullfrogs
  A human zombie (Vaults:1)
  A human skeleton (Vaults:1)
  A gnoll sergeant (D:9)
  2 wyvern zombies (D:14)
  5 scorpions
  3 electric eels
  2 wights (D:11)
  A howler monkey (shapeshifter) (Vaults:4)
  5 howler monkeys
  5 crimson imps
  3 centaur skeletons
  8 hounds
  15 orc wizards
  A quasit (D:7)
  28 orc priests
  6 jellies
  4 bullfrog skeletons
  7 iguanas
  5 worker ants
  A hound zombie (D:5)
  A hound skeleton (D:8)
  13 adders
  5 gnolls (D:9)
  2 shadow imps (D:13)
  6 oozes
  3 adder zombies
  An adder skeleton (D:4)
  7 worms
  A dart slug (D:1)
  69 orcs
  13 bats
  5 giant cockroaches
  8 goblins
  6 hobgoblins
  7 jackals
  28 kobolds
  9 quokkas
  A ball python (D:4)
  A ball python skeleton (D:5)
  7 frilled lizards
  A jackal zombie (D:5)
  A leopard gecko skeleton (D:8)
  4 rats
  3 bushes
  4 plants
1151 creatures vanquished.

Vanquished Creatures (collateral kills)
  Mara (Vaults:3)
  Vashnia (Snake:2)
  Saint Roka (Vaults:4)
  A storm dragon (Vaults:4)
  4 nagarajas (Snake:4)
  An azure jelly (Lair:6)
  A fire giant (Vaults:4)
  A frost giant (Vaults:4)
  4 vault wardens
  A war gargoyle (Vaults:4)
  5 ironheart preservers
  A very ugly thing (D:15)
  3 stone giants
  An ettin (Vaults:4)
  Snorg (Lair:6)
  A deep elf death mage (Vaults:4)
  2 yaktaur captains (Vaults:1)
  2 great orbs of eyes
  12 vault guards
  5 fire dragons
  3 anacondas (Snake:3)
  9 hydras
  A centaur warrior (Vaults:4)
  2 rakshasas (Vaults:3)
  A two-headed ogre (shapeshifter) (Vaults:4)
  15 two-headed ogres
  5 naga warriors
  4 death yaks (Lair:6)
  5 alligators
  5 ogre magi
  A dancing weapon (Vaults:5)
  2 deep troll earth magi
  A shock serpent (Snake:1)
  4 naga sharpshooters
  3 spriggans
  2 deep elf knights (Vaults:4)
  5 skeletal warriors (D:15)
  A fire crab (shapeshifter) (Vaults:4)
  2 shadow wraiths (Vaults:4)
  2 unseen horrors
  An infernal demonspawn (Orc:2)
  4 deep trolls
  A naga ritualist (Snake:4)
  A sea snake (shapeshifter) (Vaults:4)
  A torturous demonspawn (Orc:2)
  2 deep elf archers (Vaults:4)
  4 ironbrand convokers
  2 swamp dragons
  2 shambling mangroves
  9 orc knights
  6 mana vipers
  12 ugly things
  4 cyclopes
  3 salamanders
  A wolf spider (Vaults:2)
  6 orc sorcerers (Orc:2)
  Maurice (Orc:2)
  A guardian serpent (Snake:3)
  A naga mage (Snake:2)
  8 black mambas
  An orange demon (Orc:2)
  A spiny frog (Lair:3)
  4 vault sentinels
  18 yaktaurs
  An efreet (D:15)
  2 kobold demonologists (D:13)
  5 komodo dragons
  5 freezing wraiths
  A red devil (Orc:2)
  8 polar bears
  A troll (Vaults:4)
  2 meliai (D:12)
  5 slime creatures
  8 hornets
  4 raiju (Lair:6)
  2 tyrant leeches
  7 blink frogs
  A bog body (Swamp:4)
  8 hippogriffs
  A redback (Lab)
  2 hogs (Lair:5)
  A ynoxinul (Orc:2)
  2 shadows
  3 basilisks
  2 fire bats (Swamp:4)
  11 yaks
  5 vampire mosquitoes
  A hungry ghost (D:13)
  2 steam dragons (Swamp:4)
  3 swamp worms
  3 wargs
  15 nagas
  3 insubstantial wisps (Swamp:4)
  3 hell hounds (Lair:6)
  An acid dragon (Vaults:2)
  A porcupine (Lair:3)
  5 water moccasins
  6 swamp drakes
  A black bear (shapeshifter) (Vaults:2)
  3 black bears
  13 orc warriors
  An ice beast (D:13)
  2 sky beasts
  20 ogres
  10 wolves
  9 crocodiles
  3 centaurs
  A big kobold (D:13)
  4 bullfrogs
  A wight (D:11)
  A howler monkey (D:13)
  A crimson imp (D:15)
  2 jellies (D:9)
  A centaur zombie (D:11)
  A bullfrog zombie (D:13)
  8 orc priests
  Crazy Yiuf (D:6)
  A bullfrog skeleton (D:11)
  An iguana (Lair:6)
  6 orc wizards
  A gnoll (D:9)
  3 adders
  A shadow imp (D:7)
  An ooze (D:9)
  An adder skeleton (D:6)
  18 orcs
  A ball python (Snake:3)
  A bat (Lair:4)
  A hobgoblin (D:9)
  A jackal (D:7)
  9 kobolds
  A fungus (Lair:4)
  4 plants
480 creatures vanquished.

Vanquished Creatures (others)
  A nagaraja (Snake:3)
  A vault warden (Vaults:3)
  An ironheart preserver (Vaults:1)
  A yaktaur captain (Vaults:1)
  A naga sharpshooter (Snake:3)
  A shadow wraith (Vaults:5)
  2 lindwurms (Swamp:4)
  An ironbrand convoker (Vaults:2)
  2 swamp dragons (Swamp:4)
  A naga mage (Snake:4)
  8 yaktaurs
  A freezing wraith (D:12)
  A rime drake (Lair:6)
  A bog body (Swamp:4)
  A yak (IceCv)
  A steam dragon (Swamp:4)
  3 swamp drakes (Swamp:4)
  2 wolves (IceCv)
  2 centaurs
  33 battlemagi
  2 ancestors (D:9)
  A ball lightning (Snake:4)
  An orc (D:13)
  A briar patch (Swamp:1)
  A fungus (Lair:3)
  51 plants
  9 toadstools (Swamp:1)
131 creatures vanquished.

Grand Total: 1762 creatures vanquished

Notes
Turn   | Place    | Note
-------+----------+-------------------------------------------
     0 | D:1      | Sety the Gargoyle Fighter began the quest for the Orb.
     0 | D:1      | Reached XP level 1. HP: 14/14 MP: 1/1
    57 | D:1      | Reached XP level 2. HP: 19/19 MP: 2/2
   598 | D:2      | Reached XP level 3. HP: 23/23 MP: 3/3
  1013 | D:2      | Found a glowing golden altar of the Shining One.
  1160 | D:2      | Reached XP level 4. HP: 23/28 MP: 4/4
  1329 | D:3      | Found an ornate altar of the Wu Jian Council.
  1372 | D:3      | Found an iron altar of Okawaru.
  1565 | D:3      | Reached skill level 4 in Shields
  1589 | D:3      | Found a hide-covered altar of Uskayaw.
  1694 | D:3      | Found a shimmering altar of Xom.
  1694 | D:3      | Found a blossoming altar of Fedhas.
  1781 | D:3      | Found a glowing golden altar of the Shining One.
  1789 | D:3      | Reached XP level 5. HP: 24/33 MP: 5/5
  2007 | D:4      | Noticed an ogre
  2331 | D:4      | Reached XP level 6. HP: 27/38 MP: 6/6
  2441 | D:4      | Reached skill level 1 in Dodging
  2580 | D:4      | Found a staircase to the Ecumenical Temple.
  2587 | Temple   | Entered the Ecumenical Temple
  3103 | D:4      | Got an iridescent falchion
  3104 | D:4      | Identified the +12 falchion "Cisisitu" {drain, *Contam
                  | rElec rN+} (You found it on level 4 of the Dungeon)
  3465 | D:4      | Found a burning altar of Makhleb.
  3537 | D:5      | Entered Level 5 of the Dungeon
  3537 | D:5      | Noticed a sky beast
  3551 | D:5      | Killed a sky beast
  3551 | D:5      | Reached skill level 5 in Shields
  3551 | D:5      | Reached XP level 7. HP: 39/43 MP: 7/7
  3563 | D:5      | Reached skill level 5 in Armour
  3710 | D:5      | Reached skill level 5 in Long Blades
  3777 | D:5      | Reached XP level 8. HP: 18/48 MP: 8/8
  3998 | D:5      | Reached skill level 5 in Fighting
  4272 | D:6      | Reached skill level 6 in Shields
  4446 | D:6      | Reached XP level 9. HP: 54/54 MP: 9/9
  4500 | D:6      | Found Bagof's Assorted Antiques.
  4572 | D:6      | Found a sparkling altar of Nemelex Xobeh.
  4956 | D:6      | Found an ancient bone altar of Kikubaaqudgha.
  4963 | D:6      | Found a hazy altar of Hepliaklqana.
  4963 | D:6      | Found a sacrificial altar of Ru.
  4972 | D:6      | Became a worshipper of Hepliaklqana the Forgotten
  5233 | D:6      | Found a runed door.
  5237 | D:6      | Noticed Crazy Yiuf
  5248 | D:6      | Killed Crazy Yiuf
  5248 | D:6      | Reached skill level 1 in Stealth
  5663 | D:7      | Found a radiant altar of Vehumet.
  5816 | D:7      | Reached skill level 7 in Shields
  5908 | D:8      | Reached * piety under Hepliaklqana
  6158 | D:8      | Noticed Joseph
  6173 | D:8      | Killed Joseph
  6173 | D:8      | Reached XP level 10. HP: 48/54 MP: 10/10
  6639 | D:9      | Found a radiant altar of Vehumet.
  6663 | D:9      | Found a basalt altar of Yredelemnul.
  6669 | D:9      | Noticed a two-headed ogre
  6696 | D:9      | Found Gozag's Platinum Reserve.
  6714 | D:9      | Killed a two-headed ogre
  6980 | D:9      | Found an opulent altar of Gozag.
  7030 | D:9      | Found a staircase to the Orcish Mines.
  7055 | D:9      | Reached skill level 10 in Long Blades
  7079 | D:9      | Reached skill level 8 in Shields
  7283 | D:9      | Noticed Erolcha
  7297 | D:9      | Killed Erolcha
  7297 | D:9      | Reached XP level 11. HP: 41/60 MP: 11/11
  7556 | D:9      | Reached ** piety under Hepliaklqana
  7940 | D:10     | Entered Level 10 of the Dungeon
  8022 | D:10     | Remembered your ancestor Merenptah as a battlemage
  8270 | D:10     | Noticed a two-headed ogre
  8276 | D:10     | Killed a two-headed ogre
  8770 | D:11     | Killed an unseen horror
  8781 | D:11     | Reached skill level 9 in Shields
  9035 | D:11     | Found a staircase to the Lair.
  9377 | D:11     | Reached XP level 12. HP: 39/65 MP: 12/12
  9500 | D:11     | Reached *** piety under Hepliaklqana
  9543 | D:11     | Reached skill level 10 in Shields
 10049 | D:12     | Found a large runed door.
 10049 | D:12     | Found a large runed door.
 10065 | D:12     | Found a large runed door.
 10065 | D:12     | Found a large runed door.
 10176 | D:12     | Noticed a rakshasa
 10198 | D:12     | Killed a rakshasa
 10632 | D:12     | Noticed a rakshasa
 10860 | D:12     | Killed a rakshasa
 10975 | Lair:1   | Entered Level 1 of the Lair of Beasts
 11109 | Lair:1   | Reached skill level 1 in Evocations
 11256 | Lair:1   | Reached skill level 11 in Shields
 11364 | Lair:1   | Reached XP level 13. HP: 72/72 MP: 13/13
 11644 | Lair:2   | Reached skill level 5 in Dodging
 11716 | Lair:2   | Reached **** piety under Hepliaklqana
 11720 | Lair:2   | Noticed Gastronok
 11740 | Lair:2   | Killed Gastronok
 11894 | Lair:2   | Found the +2 ratskin cloak {+Rats rPois rN+ Str-1 Int-1
                  | Dex+1}
 11951 | Lair:2   | Found a frozen archway.
 12085 | IceCv    | Entered an ice cave
 12738 | IceCv    | Reached skill level 12 in Shields
 13233 | IceCv    | Reached skill level 10 in Fighting
 13389 | IceCv    | Noticed a frost giant
 13460 | IceCv    | Killed a frost giant
 14056 | D:12     | Gained mutation: You are somewhat resistant to further
                  | mutation. [potion of mutation]
 14088 | D:12     | Lost mutation: You are somewhat resistant to further
                  | mutation. [potion of mutation]
 14088 | D:12     | Gained mutation: You passively map a small area around you.
                  | [potion of mutation]
 14088 | D:12     | Gained mutation: You expend magic power (3 MP) to
                  | strengthen your wands. [potion of mutation]
 14088 | D:12     | Gained mutation: You passively map the area around you.
                  | [potion of mutation]
 14088 | D:12     | Gained mutation: You are robust. (+10% HP) [potion of
                  | mutation]
 14189 | Lair:3   | Gained mutation: Your large and strong wings let you fly
                  | indefinitely. [Gargoyle growth]
 14189 | Lair:3   | Reached XP level 14. HP: 88/88 MP: 15/15
 14287 | Lair:3   | Reached skill level 10 in Armour
 15645 | Lair:4   | Found a staircase to the Snake Pit.
 15866 | Lair:4   | Reached skill level 13 in Shields
 15930 | Lair:4   | Found a staircase to the Swamp.
 15953 | Lair:4   | Reached ***** piety under Hepliaklqana
 16191 | Lair:4   | Reached skill level 5 in Stealth
 17283 | Lair:5   | Noticed Kirke
 17653 | Lair:5   | Killed Kirke
 18173 | Lair:5   | Gained mutation: Armour fits poorly on your strangely
                  | shaped body. [mutagenic glow]
 18465 | D:13     | Found Tetemeo's Gadget Emporium.
 18612 | D:13     | Reached skill level 1 in Unarmed Combat
 19129 | D:13     | Got a crude plate armour
 19139 | D:13     | Identified the +9 plate armour of Suloigev {Int+2} (You
                  | found it on level 13 of the Dungeon)
 19224 | D:13     | Found a gate to the Vaults.
 19400 | Orc:1    | Entered Level 1 of the Orcish Mines
 19400 | Orc:1    | Found a roughly hewn altar of Beogh.
 19402 | Orc:1    | Noticed an orc warlord
 19423 | Orc:1    | Killed an orc warlord
 19423 | Orc:1    | Reached XP level 15. HP: 80/94 MP: 17/17
 19558 | Orc:2    | Entered Level 2 of the Orcish Mines
 20218 | Orc:2    | Noticed Maurice
 20227 | Orc:2    | Killed Maurice
 20249 | Orc:2    | Found a staircase to the Elven Halls.
 20589 | Orc:2    | Found Sakkiff's Magic Scroll Boutique.
 20615 | Orc:2    | Found Ysae's General Store.
 20652 | Orc:2    | Reached skill level 14 in Shields
 20689 | Orc:2    | Reached ****** piety under Hepliaklqana
 21153 | Orc:2    | Paralysed by an orc sorcerer for 2 turns
 21202 | Orc:2    | Bought a scroll of enchant weapon for 105 gold pieces
 21427 | Orc:2    | Found Musibiom's Book Emporium.
 21427 | Orc:2    | Found Foez's Antique Weapon Shoppe.
 21427 | Orc:2    | Found a one-way gate leading to the halls of Pandemonium.
 21444 | Orc:2    | Bought a book of Callings for 480 gold pieces
 21446 | Orc:2    | Learned a level 1 spell: Summon Small Mammal
 21625 | D:6      | Bought a glowing blowgun for 198 gold pieces
 22041 | D:14     | Found a labyrinth entrance.
 22052 | Lab      | Entered a labyrinth
 22090 | Lab      | Found an exit through the horrors of the Abyss.
 22456 | Lab      | Identified Sif Muna's Handbook of Quantum Sinister Arts
 22457 | Lab      | Found the ring of Phasing {EV+8}
 22923 | D:14     | Reached skill level 15 in Shields
 23395 | D:15     | Entered Level 15 of the Dungeon
 23468 | D:15     | Found a staircase to the Depths.
 23468 | D:15     | Noticed a fire giant
 23492 | D:15     | Reached XP level 16. HP: 57/101 MP: 19/19
 24542 | D:15     | Reached skill level 1 in Invocations
 24593 | D:15     | Reached skill level 16 in Shields
 24975 | Swamp:1  | Entered Level 1 of the Swamp
 25106 | Snake:1  | Entered Level 1 of the Snake Pit
 26209 | Swamp:1  | Noticed a thorn hunter
 26218 | Swamp:1  | Killed a thorn hunter
 26785 | Swamp:2  | Reached skill level 15 in Long Blades
 27558 | Swamp:3  | Reached skill level 1 in Spellcasting
 27561 | Swamp:3  | Reached XP level 17. HP: 92/108 MP: 20/20
 27905 | Swamp:3  | Reached skill level 17 in Shields
 27905 | Swamp:3  | Reached skill level 1 in Summonings
 27980 | Swamp:3  | Got a scorched helmet
 27986 | Swamp:3  | Identified the cursed +0 helmet of the Evil One {rN+} (You
                  | found it on level 3 of the Swamp)
 28275 | Swamp:4  | Entered Level 4 of the Swamp
 29161 | Swamp:4  | Got a decaying rune of Zot
 29179 | Swamp:4  | Found a runed gate.
 29179 | Swamp:4  | Found a runed gate.
 29179 | Swamp:4  | Found a runed gate.
 29179 | Swamp:4  | Noticed Flure's ghost (adept SpAs)
 29479 | Swamp:4  | Killed Flure's ghost
 29997 | Snake:2  | Noticed Vashnia
 30300 | Snake:2  | Killed Vashnia
 30300 | Snake:2  | Reached skill level 18 in Shields
 31188 | Snake:3  | Reached XP level 18. HP: 115/116 MP: 21/21
 31386 | Snake:3  | Noticed Louise
 31399 | Snake:3  | Killed Louise
 32394 | Snake:4  | Entered Level 4 of the Snake Pit
 32674 | Snake:4  | Reached skill level 19 in Shields
 32817 | Snake:4  | Identified a scroll of acquirement
 32821 | Snake:4  | Got a pair of slimy gloves
 32832 | Snake:4  | Identified the +1 pair of gloves "Niukerog" {Regen+ Str+2
                  | Dex-4} (You acquired it on level 4 of the Snake Pit)
 33425 | Snake:4  | Got a serpentine rune of Zot
 33783 | Lair:6   | Entered Level 6 of the Lair of Beasts
 33817 | Lair:6   | Noticed Snorg
 33826 | Lair:6   | Killed Snorg
 33876 | Lair:6   | Found a runed door.
 33926 | Lair:6   | Found a viscous altar of Jiyva.
 33927 | Lair:6   | Found a staircase to the Slime Pits.
 34486 | Lair:6   | Reached XP level 19. HP: 122/122 MP: 22/22
 34657 | Lair:6   | Reached skill level 20 in Shields
 35768 | Vaults:1 | Entered Level 1 of the Vaults
 35807 | Vaults:1 | Reached skill level 5 in Evocations
 36629 | Vaults:1 | Reached skill level 21 in Shields
 37344 | Vaults:2 | Found Zuonak Omoff's General Store.
 37349 | Vaults:2 | Reached XP level 20. HP: 122/128 MP: 24/24
 37356 | Vaults:2 | Bought 3 curare-tipped needles for 37 gold pieces
 37398 | Vaults:2 | Reached skill level 15 in Fighting
 37737 | Vaults:2 | Found Sucij's Assorted Antiques.
 37906 | Vaults:2 | Found Xyal's Book Boutique.
 37923 | Vaults:2 | Found Wulemev's Food Emporium.
 37932 | Vaults:2 | Bought a manual of Invocations for 1545 gold pieces
 38271 | Vaults:2 | Bought a potion of heal wounds for 175 gold pieces
 38543 | Vaults:2 | Found Tetoho Cais's Armour Boutique.
 38769 | Vaults:2 | Reached skill level 22 in Shields
 38826 | Vaults:2 | Found a staircase to the Crypt.
 38965 | Vaults:2 | Noticed Nikola
 38978 | Vaults:2 | Killed Nikola
 39645 | Vaults:3 | Noticed Mara
 39660 | Vaults:3 | Noticed Sety's illusion
 39663 | Vaults:3 | Killed Mara
 39663 | Vaults:3 | Reached XP level 21. HP: 136/136 MP: 25/25
 40371 | Vaults:3 | Identified the Collected Works on Hexes and the Mountains
                  | (You acquired it on level 3 of the Vaults)
 40375 | Vaults:3 | Learned a level 1 spell: Beastly Appendage
 41061 | Vaults:4 | Reached skill level 23 in Shields
 41061 | Vaults:4 | Reached skill level 5 in Invocations
 41575 | Vaults:4 | Found Qowuotwu's Antique Weapon Shop.
 42097 | Vaults:4 | Noticed Saint Roka
 42109 | Vaults:4 | Killed Saint Roka
 42284 | Vaults:5 | Entered Level 5 of the Vaults
 42355 | Vaults:4 | Reached XP level 22. HP: 124/143 MP: 26/26
 42966 | Vaults:5 | Noticed a golden dragon
 43313 | Vaults:5 | Noticed an ancient lich
 43316 | Vaults:4 | Reached skill level 24 in Shields
 43558 | Vaults:4 | Killed from afar by an ancient lich

Skill      XL: |  1  2  3  4  5  6  7  8  9 10 11 12 13 14 15 16 17 18 19 20 21 22 |
---------------+-------------------------------------------------------------------+-----
Long Blades    | 2 3 4 5 7 9 10 11 12 13 14 15 16 17 | 17.4
Armour         | 4 5 6 7 8 9 10 11 12 13 14 | 14.8
Shields        | 4 5 6 7 8 9 11 12 13 15 16 18 19 21 22 23 24 | 24.0
Fighting       | 4 5 6 7 8 9 10 11 12 13 14 15 16 | 16.7
Dodging        | 1 2 3 4 5 6 7 |  7.1
Stealth        | 1 2 3 4 6 7 8 9 |  9.6
Evocations     | 1 3 4 5 6 |  6.5
Unarmed Combat | 1 |  1.2
Invocations    | 1 2 3 5 |  5.7
Spellcasting   | 1 2 |  2.4
Summonings     | 1 2 |  2.5

Action                   |  1- 3 |  4- 6 |  7- 9 | 10-12 | 13-15 | 16-18 | 19-21 | 22-24 || total
-------------------------+-------+-------+-------+-------+-------+-------+-------+-------++-------
Melee: Long sword        |   124 |   201 |       |       |       |       |       |       ||   325
       Falchion          |       |    15 |   229 |   520 |  1180 |  1547 |  1459 |   218 ||  5168
       Unarmed           |       |       |       |       |    11 |       |       |       ||    11
Throw: Stone             |       |     5 |    11 |     3 |       |       |       |       ||    19
 Cast: Summon Small Mamm |       |       |       |       |       |     1 |     1 |       ||     2
Invok: Recall Ancestor   |       |       |     1 |     1 |     2 |     2 |     2 |     3 ||    11
       Ancestor Life: Ba |       |       |       |     1 |       |       |       |       ||     1
       Idealise          |       |       |       |       |       |     2 |     4 |     2 ||     8
       Transference      |       |       |       |       |       |     1 |     4 |     1 ||     6
 Abil: Fly               |       |       |       |       |     1 |       |       |       ||     1
Evoke: Wand              |       |       |     3 |     4 |    58 |    29 |    37 |       ||   131
       Box of beasts     |       |       |       |       |     2 |       |       |       ||     2
       Lightning rod     |       |       |       |       |     2 |     5 |    18 |     1 ||    26
  Use: Scroll            |       |    12 |     7 |     7 |    15 |    17 |     5 |       ||    63
       Potion            |       |     1 |     2 |       |    11 |     3 |     1 |     2 ||    20
 Stab: Distracted        |       |       |     1 |     4 |    15 |    14 |    13 |     2 ||    49
       Sleeping          |       |       |       |       |     5 |       |       |       ||     5
       Paralysed         |       |       |       |       |     2 |       |       |       ||     2
       Invisible         |       |       |       |       |       |     1 |       |       ||     1
       Confused          |       |       |       |       |       |       |     1 |       ||     1
  Eat: Chunk             |     1 |     8 |     9 |    17 |    29 |    23 |    23 |     4 ||   114
       Ration            |       |       |       |       |     3 |     4 |     1 |       ||     8
Armor: Scale mail        |    41 |   116 |    86 |   151 |   153 |       |       |       ||   547
       Plate armour      |       |       |       |       |   102 |   545 |   191 |   223 ||  1061
Dodge: Dodged            |    32 |    72 |    49 |   128 |   222 |   645 |   301 |   158 ||  1607
Block: Shield            |    66 |   125 |    81 |   274 |   695 |  1552 |  1014 |   376 ||  4183
       Reflection        |       |       |       |       |    36 |   106 |    98 |       ||   240
       Other             |       |       |       |       |     1 |       |       |       ||     1
       Rpst.: Long sword |     8 |    22 |       |       |       |       |       |       ||    30
       Falchion          |       |       |    13 |    28 |    45 |    85 |    61 |    28 ||   260
